 Dungeon Crawl Stone Soup version 0.29.1-1-gd02db6906a (webtiles) character file.

Game seed: 1072764685534104186

44 LustLizard the Vexing (level 3, 0/18 HPs)
             Began as a Spriggan Arcane Marksman on Sept 26, 2022.
             Slain by a goblin
             ... wielding a +0 dagger
              (1 damage)
             ... on level 2 of the Dungeon.
             The game lasted 00:02:37 (1162 turns).

LustLizard the Vexing (Spriggan Arcane Marksman)    Turns: 1162, Time: 00:02:38

Health: 0/18       AC:  2    Str:  6    XL:     3   Next: 39%
Magic:  6/6        EV: 17    Int: 14    God:
Gold:   31         SH:  0    Dex: 17    Spells: 0/4 levels left

rFire   . . .      SeeInvis +   a - +1 sling
rCold   . . .      Faith    .   (no shield)
rNeg    . . .      Spirit   .   c - +0 robe
rPois   .          Reflect  .   (helmet restricted)
rElec   .          Harm     .   (no cloak)
rCorr   .          Rampage  .   (gloves unavailable)
Will    .....                   (boots unavailable)
Stlth   ++........              (no amulet)
HPRegen 0.06/turn               (no ring)
MPRegen 0.10/turn               (no ring)

@: about to teleport, very quick
A: very small, no large weapons, unfitting armour, see invisible, speed 3
a: no special abilities


You were on level 2 of the Dungeon.
You visited 1 branch of the dungeon, and saw 2 of its levels.

You collected 31 gold pieces.

Inventory:

Hand Weapons
 a - a +1 sling (weapon)
Armour
 c - a +0 robe (worn)
 i - a +0 buckler
Scrolls
 b - a scroll of poison
 d - a scroll of fear {unknown}
 e - a scroll of enchant armour {unknown}
 f - a scroll of silence {unknown}
 g - a scroll of amnesia {unknown}
Potions
 h - 2 potions of curing {unknown}
 j - 2 potions of flight {unknown}
 k - a potion of mutation {unknown}
 m - a potion of heal wounds {unknown}


   Skills:
 + Level 1.1 Fighting
 * Level 2.7 Ranged Weapons
 - Level 2.6 Dodging
 * Level 2.6 Stealth
 - Level 1.3 Spellcasting
 - Level 4.0 Hexes
 * Level 0.7 Translocations


You couldn't memorise any spells.
You knew the following spells:

 Your Spells              Type           Power      Damage    Failure   Level
a - Slow                  Hex            48%        N/A       4%          1
b - Portal Projectile     Hex/Tloc       14%        N/A       28%         3

Your spell library contained the following spells:

 Spells                   Type           Power      Damage    Failure   Level
 Inner Flame              Hex/Fire       6%         N/A       32%         3
 Cause Fear               Hex            6%         N/A       43%         4


Dungeon Overview and Level Annotations

Branches:
Dungeon (2/15)

Altars:


Innate Abilities, Weirdness & Mutations

You are very small and have problems with some larger weapons.
You are too small for most types of armour.
You have supernaturally acute eyesight. (SInv)
You cover ground extremely quickly. (Speed+++)


Message History

Really attack while wielding your +1 sling? [Y]es or [N]o only, please.
Really attack while wielding your +1 sling?
Okay, then.
Fire: a) +1 sling
Press: ? - help, Q - select action, (/) - cycle Shift-Dir - straight line, p - rat You shoot a sling bullet.
The sling bullet barely misses the goblin.
The goblin barely misses you.
Fire: a) +1 sling
Press: ? - help, Q - select action, (/) - cycle Shift-Dir - straight line, f - rat
Aim: a rat (59% to hit)
You shoot a sling bullet.
The sling bullet closely misses the rat.
The rat barely misses you. The rat closely misses you.
The goblin hits you with a +0 dagger.
Fire: a) +1 sling
Press: ? - help, Q - select action, (/) - cycle Shift-Dir - straight line, f - goblin, p - rat
Aim: a goblin, wielding a +0 dagger (51% to hit)
You shoot a sling bullet.
The sling bullet barely misses the goblin.
The rat closely misses you. The rat bites you. The goblin closely misses you.
Fire: a) +1 sling
Press: ? - help, Q - select action, (/) - cycle Shift-Dir - straight line, f/p - goblin
Aim: a goblin, wielding a +0 dagger (51% to hit)
You shoot a sling bullet.
The sling bullet barely misses the goblin.
The rat bites you. x2; The goblin completely misses you.
The gnoll hits you from afar with a +0 spear.
* * * LOW HITPOINT WARNING * * *
The rat barely misses you. The gnoll closely misses you.
The goblin hits you with a +0 dagger.
* * * LOW HITPOINT WARNING * * *
The rat barely misses you.
Okay, then.
As you read the scroll labelled BUAPES MICA, it crumbles to dust.
You feel strangely unstable.
It was a scroll of teleportation.
The rat barely misses you. The rat misses you. The gnoll misses you.
The goblin hits you with a +0 dagger.
You die...

.... #.....# ###.
#.....############
#..............g..
#...............##
#..........g....#
.#
###wg#..........#
.#
###g###########.#
.# . #rr.# #^..
#.## .. #@### ###.
...#... #g# .
###....... ...
†.....# ....#
##.†..# .....#
#.#### #.....# #.#
#.....# #.#
#.....# #.#


You could see a worm, 2 gnolls, a goblin and 2 rats.

Vanquished Creatures
  A gnoll (D:1)
  3 endoplasms
  3 giant cockroaches (D:1)
  3 goblins
  2 hobgoblins (D:1)
  7 kobolds
  A quokka (D:1)
  6 ball pythons
  2 bats (D:1)
  A frilled lizard (D:1)
  2 rats
31 creatures vanquished.

Notes
Turn   | Place    | Note
-------+----------+-------------------------------------------
     0 | D:1      | LustLizard the Spriggan Arcane Marksman began the quest for
                  | the Orb.
     0 | D:1      | Reached XP level 1. HP: 9/9 MP: 3/3
    70 | D:1      | Reached skill level 1 in Fighting
    70 | D:1      | Reached skill level 1 in Stealth
    70 | D:1      | Reached XP level 2. HP: 6/14 MP: 3/5
   501 | D:1      | Reached skill level 4 in Hexes
   743 | D:1      | Found a faded altar of an unknown god.
   813 | D:1      | Reached XP level 3. HP: 18/18 MP: 6/6
   817 | D:1      | Learned a level 3 spell: Portal Projectile
  1162 | D:2      | Slain by a goblin

Illustrated notes

Levels and vault maps discovered:
D:1:      spicycebolla_arrival_xxxplode, layout_rooms,
          shapermc_ecumenical_altar_mp_vishouse
D:2:      layout_basic, corexii_item_surrounded_by_moat

Skill      XL: |  1  2 |
---------------+-------+-----
Fighting       | 1 |  1.1
Stealth        | 1 2 |  2.6
Hexes          | 4 |  4.0
Ranged Weapons | |  2.7
Dodging        | |  2.6
Spellcasting   | |  1.3
Translocations | |  0.7

Action                   || total
-------------------------++-------
 Fire: Sling             ||   105
 Cast: Slow              ||     1
  Use: Scroll            ||     1
Armor: Robe              ||     4
Dodge: Dodged            ||    45
